 Dungeon Crawl Stone Soup version 0.30.1-11-g7821555f0a (webtiles) character file.

Game seed: 13205665187905652634

159 booth the Chopper (level 5, -1/42 HPs)
             Began as a Demonspawn Monk on Nov 8, 2023.
             Killed from afar by Eustachio (5 damage)
             ... with a puff of flame
             ... on level 4 of the Dungeon.
             The game lasted 00:07:46 (1418 turns).

booth the Chopper (Demonspawn Monk)                 Turns: 1418, Time: 00:07:47

Health: -1/42      AC:  4    Str: 13      XL:     5   Next: 17%
Magic:  5/5        EV: 11    Int: 12      God:
Gold:   56         SH:  0    Dex:  4 (15) Spells: 4/4 levels left

rFire   . . .        a - +0 hand axe
rCold   . . .        (no shield)
rNeg    + . .        b - +0 robe
rPois   .            g - +0 helmet
rElec   .            (no cloak)
rCorr   .            k - +0 pair of gloves
SInv    .            (no boots)
Will    .....        (no amulet)
Stlth   +            i - ring of positive energy
HPRegen 0.27/turn    (no ring)
MPRegen 0.09/turn

%: no passive effects
@: no status effects
A: demonic magic 1, weakness stinger 1
a: no special abilities


You were on level 4 of the Dungeon.
You visited 1 branch of the dungeon, and saw 3 of its levels.

You collected 56 gold pieces.

Inventory:

Hand Weapons
 a - a +0 hand axe (weapon)
Armour
 b - a +0 robe (worn)
 d - an orb of light
 g - a +0 helmet (worn)
 k - a +0 pair of gloves (worn)
Jewellery
 h - an amulet of faith
 i - a ring of positive energy (left hand)
Scrolls
 j - a scroll of identify
Potions
 e - a potion of flight {unknown}


   Skills:
 + Level 3.9 Fighting
 * Level 4.2 Axes
 + Level 3.5 Dodging


You had 4 spell levels left.
You didn't know any spells.
Your spell library contained the following spells:

 Spells                   Type           Power      Damage    Failure   Level
 Blink                    Tloc           0%         N/A       45%         2
 Lesser Beckoning         Tloc           0%         N/A       45%         2
 Momentum Strike          Conj/Tloc      0%         3d8       45%         2


Dungeon Overview and Level Annotations

Branches:
Dungeon (2/15)

Altars:

Shops:
D:1 ?([

Annotations:
D:4 Eustachio


Innate Abilities, Weirdness & Mutations

Spells you cast may paralyse adjacent enemies.
You have a small tail.


Message History

The ufetubus is almost dead.
You hit the quasit. The ufetubus closely misses you.
The ufetubus hits you but does no damage.
The quasit bites you.
You feel clumsy.
The quasit claws you but does no damage.
The quasit misses you. The ufetubus hits you. The ufetubus barely misses you.
The quasit bites you. The quasit claws you.
The quasit claws you but does no damage.
You closely miss the ufetubus.
Your tail-slap misses the ufetubus.
The ufetubus is almost dead.
You closely miss the quasit. The ufetubus closely misses you.
The ufetubus hits you but does no damage.
The quasit closely misses you. The quasit claws you.
You feel clumsy. The quasit closely misses you.
You completely miss the ufetubus.
The ufetubus is almost dead.
You hit the quasit.
You kill the quasit!
The quasit disappears in a puff of smoke!
The ufetubus hits you but does no damage.
The ufetubus closely misses you. The ufetubus barely misses you.
The ufetubus hits you.
* * * LOW HITPOINT WARNING * * *
You barely miss the ufetubus.
The ufetubus is almost dead.
The ufetubus closely misses you. x2
The ufetubus hits you but does no damage. x2
You closely miss the ufetubus.
Your tail-slap misses the ufetubus.
The ufetubus is almost dead.
The ufetubus closely misses you. The ufetubus hits you.
* * * LOW HITPOINT WARNING * * *
You barely miss the ufetubus.
The ufetubus is almost dead.
The ufetubus disappears in a puff of smoke!
Eustachio zaps a wand.
The puff of flame hits you!
* * * LOW HITPOINT WARNING * * *
Eustachio zaps a wand.
The puff of flame hits you.
You die... ####..... ###.....### ........### # ###.#.....# .# # ##..#.# ####. #.##..#.# rrr

#......>.
#@#
#######.#
#@# #.#
#.# #.#
#.# #..
#.# #..
#.### ##.
#...# #.
###.# #.
#.# #.
#.# ###
#.


You could see Eustachio and 3 quokkas.

Vanquished Creatures
  Menkaure (D:4)
  2 gnolls
  A worm (D:4)
  A giant cockroach (D:4)
  5 hobgoblins
  A quokka (D:1)
  3 bats (D:1)
  A frilled lizard (D:1)
  A goblin (D:1)
  A kobold (D:4)
  3 rats (D:1)
20 creatures vanquished.

Notes
Turn   | Place    | Note
-------+----------+-------------------------------------------
     0 | D:1      | booth the Demonspawn Monk began the quest for the Orb.
     0 | D:1      | Reached XP level 1. HP: 18/18 MP: 1/1
   388 | D:1      | Found a faded altar of an unknown god.
   568 | D:1      | Reached skill level 3 in Axes
   568 | D:1      | Gained mutation: You have a small tail. [demonic ancestry]
   568 | D:1      | Reached XP level 2. HP: 22/24 MP: 2/2
   701 | D:1      | Found Asch's Antique Armour Shop.
  1005 | D:1      | Found Moklix's Antique Weapon Shoppe.
  1083 | D:1      | Found Tikhuniu's Magic Scroll Shoppe.
  1195 | D:2      | You fall into a shaft and drop 2 floors!
  1310 | D:4      | Noticed Menkaure
  1311 | D:4      | Gained mutation: Spells you cast may paralyse adjacent
                  | enemies. [demonic ancestry]
  1311 | D:4      | Reached XP level 3. HP: 29/29 MP: 3/3
  1333 | D:4      | Killed Menkaure
  1334 | D:4      | Reached skill level 4 in Axes
  1334 | D:4      | Reached XP level 4. HP: 36/37 MP: 4/4
  1334 | D:4      | Reached XP level 5. HP: 41/42 MP: 5/5
  1378 | D:4      | Noticed Eustachio
  1418 | D:4      | Killed from afar by Eustachio

Illustrated notes

Levels and vault maps discovered:
D:1:      heliophobic_arrival_ceremonial_halls, layout_basic,
          serial_co_window_serial, co_window_corner_a, co_window_corner_a,
          co_window_paths_a, co_window_of_opportunity_a, co_window_corner_a,
          co_window_corner_b, co_window_unsneaky_path_d,
          co_window_unsneaky_path_b, co_window_broadway_b, co_window_broadway_c,
          glass_columns_c, glass_columns_b, glass_columns_c, glass_columns_a,
          serial_shops, shop, shop, shop, chequers_ecumenical_altar_island,
          chequers_arboretum
D:2:      layout_basic
D:4:      layout_loops_cross, kennysheep_flooded_box,
          kennysheep_opposing_triangles, uniq_eustachio, uniq_menkaure

Skill      XL: |  1  2  3 |
---------------+----------+-----
Axes           | 3 4 |  4.2
Dodging        | 3 |  3.5
Fighting       | |  3.9

Action                     |  1- 3 |  4- 6 || total
---------------------------+-------+-------++-------
  Melee: Hand axe          |    65 |    32 ||    97
         Tailslap          |     6 |     5 ||    11
  Throw: Throwing net      |       |     1 ||     1
    Use: Scroll            |     3 |       ||     3
         Potion            |     1 |     1 ||     2
 Armour: Robe              |    16 |    32 ||    48
  Dodge: Dodged            |    40 |    60 ||   100
